 Dungeon Crawl Stone Soup version 0.22-a0-157-g169b76a (webtiles) character file.

321 KristoblXynda the Chopper (level 6, -3/50 HPs)
             Began as a Minotaur Gladiator on Feb 8, 2018.
             Killed from afar by an orc wizard (7 damage)
             ... with a magic dart
             ... on level 4 of the Dungeon.
             The game lasted 00:04:27 (2756 turns).

KristoblXynda the Chopper (Minotaur Gladiator)      Turns: 2756, Time: 00:04:28

Health: -3/50      AC:  8    Str: 19    XL:     6   Next: 22%
Magic:  5/5        EV: 11    Int:  7    God:
Gold:   162        SH:  0    Dex: 11    Spells: 5/5 levels left

rFire    + . .     SeeInvis .   a - +0 war axe
rCold    . . .     Gourm    .   (no shield)
rNeg     . . .     Faith    .   q - +2 scale mail {rF+}
rPois    .         Spirit   .   c - +0 hat
rElec    .         Reflect  .   (no cloak)
rCorr    .         Harm     .   (no gloves)
MR       .....                  (no boots)
Stlth    ..........             (no amulet)
HPRegen  0.16/turn              m - ring of wizardry
MPRegen  0.09/turn              (no ring)

@: slowed, very slow
A: retaliatory headbutt, horns 2
a: no special abilities


You were on level 4 of the Dungeon.
You were not hungry.

You visited 1 branch of the dungeon, and saw 4 of its levels.

You collected 162 gold pieces.

Inventory:

Hand Weapons
 a - a +0 war axe (weapon)
Missiles
 d - 3 throwing nets (quivered)
 i - 4 javelins of returning
Armour
 c - a +0 hat (worn)
 q - a +2 scale mail of fire resistance (worn)
Jewellery
 b - an uncursed amulet of the acrobat
 m - a ring of wizardry (left hand)
Scrolls
 e - a scroll of magic mapping {unknown}
 h - 2 scrolls of enchant weapon {unknown}
 j - a scroll of teleportation
 p - a scroll of amnesia {unknown}
 r - 3 scrolls of remove curse {unknown}
Potions
 g - 3 potions of brilliance
 k - 2 potions of curing
 l - a potion of agility
 n - a potion of degeneration {unknown}
 o - 2 potions of might {unknown}
 t - a potion of lignification {unknown}
Books
 s - a book of Cantrips

   Spells                             Type                      Level
   a - Confusing Touch                Hexes                        1
   b - Animate Skeleton               Necromancy                   1
   c - Summon Small Mammal            Summoning                    1
   d - Apportation                    Translocation                1
Comestibles
 f - 5 rations


   Skills:
 - Level 2.4 Fighting
 * Level 6.5 Axes
 - Level 2.0 Throwing
 + Level 3.4 Armour
 + Level 4.7 Dodging


You had 5 spell levels left.
You didn't know any spells.

Dungeon Overview and Level Annotations

Branches:
Dungeon (4/15)
 Temple: D:4-7

Altars:
Nemelex Xobeh
Qazlal


Innate Abilities, Weirdness & Mutations

You reflexively headbutt those who attack you in melee.
You have a pair of horns on your head.


Message History

The orc wizard blinks!
The orc wizard points at you and mumbles some strange words.
You feel as though you will be slow longer.
The orc barely misses you.
Unknown command.
You hit the orc but do no damage. Your headbutt misses the orc.
The orc is heavily wounded.
The orc hits you but does no damage. The orc hits you with a war axe.
* * * LOW HITPOINT WARNING * * *
Unknown command.
You hit the orc but do no damage.
You kill the orc!
The orc wizard gestures at you while chanting.
The magic dart hits you!
* * * LOW HITPOINT WARNING * * *
The orc wizard gestures wildly while chanting.
The orc wizard blinks!
The orc wizard casts a spell at you. The magic dart hits you!
You die...

...+ #..##. ...#
#$..... #### #.#
#.....# # <.. ..#.... #
## #.# #.#.#.###.# .#
#.# #.#.#.#.... .##
#.####.#.#..... ..#
#.#...ยง....#
#.######.#.##.#.@.#
#..#.......##...)o)#
.[)#.###...###..#......
.....###...#
#..#..##...
..........)# #.......
..# ..#..##....#
#.....##. .#
..##.##............# #
# ..##..##.#.###.###.#
.. ........#


You could see an orc wizard.

Vanquished Creatures
  2 hounds (D:4)
  An orc priest (D:4)
  3 orc wizards (D:4)
  5 adders
  2 worms
  4 dart slugs
  A leopard gecko (D:2)
  6 orcs (D:4)
  2 giant cockroaches
  15 goblins
  6 hobgoblins
  8 jackals
  2 quokkas
  7 bats
  7 frilled lizards
  5 kobolds
  A quokka skeleton (D:4)
  8 rats
85 creatures vanquished.

Notes
Turn   | Place    | Note
-------+----------+-------------------------------------------
     0 | D:1      | KristoblXynda the Minotaur Gladiator began the quest for the Orb.
     0 | D:1      | Reached XP level 1. HP: 18/18 MP: 0/0
   104 | D:1      | Reached skill level 4 in Axes
   379 | D:1      | Reached XP level 2. HP: 25/25 MP: 1/1
   430 | D:1      | Reached skill level 1 in Armour
   987 | D:2      | Reached XP level 3. HP: 28/30 MP: 2/2
  1249 | D:2      | Reached XP level 4. HP: 21/37 MP: 3/3
  1255 | D:2      | Reached skill level 5 in Axes
  1542 | D:2      | Found a sparkling altar of Nemelex Xobeh.
  2507 | D:4      | Reached XP level 5. HP: 42/42 MP: 4/4
  2620 | D:4      | Reached skill level 6 in Axes
  2643 | D:4      | Found a stormy altar of Qazlal.
  2724 | D:4      | Reached XP level 6. HP: 29/50 MP: 5/5
  2756 | D:4      | Killed from afar by an orc wizard

Vault maps used:
D:1:      dpeg_arrival_lava_altar
D:2:      nemelex_lonely_heart_becter
D:4:      lemuel_round_altar, first_ration

Skill      XL: |  1  2  3  4  5 |
---------------+----------------+-----
Axes           | 4 5 6 |  6.5
Armour         | 1 2 3 |  3.4
Dodging        | 4 |  4.7
Fighting       | |  2.4
Throwing       | |  2.0

Action                   |  1- 3 |  4- 6 || total
-------------------------+-------+-------++-------
Melee: War axe           |    80 |   100 ||   180
       Headbutt          |     9 |     8 ||    17
  Use: Scroll            |       |     5 ||     5
  Eat: Chunk             |     1 |       ||     1
       Ration            |       |     2 ||     2
Armor: Leather armour    |    24 |       ||    24
       Chain mail        |       |    22 ||    22
       Scale mail        |       |    47 ||    47
Dodge: Dodged            |    62 |    72 ||   134

Table legend:
 A = Spawn XP
 B = Non-spawn XP
 C = Spawn XP percentage of total XP
 D = Spawn monster count
 E = Non-spawn monster count
 F = Spawn count percentage of total count
 G = Total turns spent on level
                    A         B        C        D         E        F      G
               +---------+---------+-------+---------+---------+-------+---------
         Total |       0 |     459 |   0.0 |       0 |      85 |   0.0 |  2756
               +---------+---------+-------+---------+---------+-------+---------
           D:1 |       0 |      31 |   0.0 |       0 |      20 |   0.0 |   918
           D:2 |       0 |     105 |   0.0 |       0 |      28 |   0.0 |   691
           D:3 |       0 |      45 |   0.0 |       0 |      19 |   0.0 |   891
           D:4 |       0 |     278 |   0.0 |       0 |      18 |   0.0 |   256
               +---------+---------+-------+---------+---------+-------+---------
